[ AOE2 MATCH · #480233993 ]
UnrankedBurmese vs Italians
Player's team · LOSS
[ REPLAY ANALYSIS · EXTRACTED FROM THE RECORDED GAME ]
Feudal
11:13
Castle
14:50
Imperial
31:07
| APM avg | 57.3 |
| APM peak | 110 |
| eAPM avg | 37.8 |
| Villagers / military | 148 / 694 |
Focus
⚔️ 54.9% · 🌾 45.1%
Battle Elephant ×446 · Scout Cavalry ×226 · Trade Cart ×42 · Bombard Cannon ×16 · Trebuchet (Packed) ×3 · Battering Ram ×2
Feudal
10:57
Castle
17:01
Imperial
34:37
| APM avg | 23.2 |
| APM peak | 109 |
| eAPM avg | 18.3 |
| Villagers / military | 167 / 372 |
Focus
⚔️ 35.6% · 🌾 64.4%
Genoese Crossbowman ×321 · Bombard Cannon ×44 · Trade Cart ×33 · Trebuchet (Packed) ×4 · Monk ×3
Feudal
11:31
Castle
15:35
Imperial
29:27
| APM avg | 28.2 |
| APM peak | 61 |
| eAPM avg | 23.0 |
| Villagers / military | 150 / 587 |
Focus
⚔️ 27.2% · 🌾 72.8%
Spearman ×579 · Unknown (1974) ×108 · Unknown (1968) ×107 · Trade Cart ×78 · Unknown (1942) ×66 · Battering Ram ×5
Feudal
10:31
Castle
14:26
Imperial
30:34
| APM avg | 54.8 |
| APM peak | 125 |
| eAPM avg | 42.2 |
| Villagers / military | 163 / 632 |
Focus
⚔️ 37.5% · 🌾 62.5%
Hand Cannoneer ×344 · Skirmisher ×242 · Trade Cart ×58 · Bombard Cannon ×40 · Camel Scout ×6
Feudal
8:52
Castle
22:53
Imperial
33:26
| APM avg | 47.0 |
| APM peak | 87 |
| eAPM avg | 33.2 |
| Villagers / military | 174 / 535 |
Focus
⚔️ 43.1% · 🌾 56.9%
Scout Cavalry ×187 · Battering Ram ×135 · Knight ×114 · Mangonel ×99 · Trade Cart ×84
Feudal
9:16
Castle
18:45
Imperial
31:13
| APM avg | 70.3 |
| APM peak | 140 |
| eAPM avg | 56.8 |
| Villagers / military | 178 / 1469 |
Focus
⚔️ 72.0% · 🌾 28.0%
Spearman ×695 · Camel Scout ×620 · Scout Cavalry ×154 · Trade Cart ×65
Feudal
9:57
Castle
14:48
Imperial
29:17
| APM avg | 54.0 |
| APM peak | 107 |
| eAPM avg | 38.2 |
| Villagers / military | 144 / 746 |
Focus
⚔️ 47.8% · 🌾 52.2%
Camel Archer ×318 · Genitour ×298 · Scout Cavalry ×107 · Trade Cart ×37 · Camel Scout ×10 · Bombard Cannon ×7
Feudal
11:17
Castle
15:20
Imperial
30:33
| APM avg | 28.1 |
| APM peak | 66 |
| eAPM avg | 19.9 |
| Villagers / military | 194 / 649 |
Focus
⚔️ 35.9% · 🌾 64.1%
Scorpion ×408 · Scout Cavalry ×198 · Battering Ram ×43 · Trade Cart ×35
Match map
Initial resources + every placement click. Lines = walls · curves = elevation contours. ◆ gold · ⬟ stone · ● berries · ✦ relic · ◌ wall gap
Your base· ✓ Closed at 14:50 · 0t walls · no gate
MiBe's base· ✓ Closed at 17:01 · 29t walls · 1 gate(s)
AncientKing's base· ✓ Closed at 15:35 · 0t walls · no gate
Rank's base· ✓ Closed at 14:26 · 0t walls · no gate
Çıkmaz Sokak's base· ✓ Closed at 22:53 · 16t walls · 1 gate(s)
kivarmicz's base· ✓ Closed at 18:45 · 6t walls · 1 gate(s)
76561198324165462's base· ✓ Closed at 14:48 · 0t walls · no gate
Vormit's base· ✓ Closed at 15:20 · 0t walls · no gate
Smoothed initial terrain · ◌ = detected wall gap · hover for details
Inputs per minute
— 风过无声 - - MiBe
Build order — 风过无声
First 150 of 1107 actions detected
| 0:01 | Create | Villager (Male) |
| 0:01 | Create | Villager (Male) |
| 0:03 | Build | House |
| 0:07 | Build | House |
| 0:11 | Create | Villager (Male) |
| 0:11 | Create | Villager (Male) |
| 0:11 | Create | Villager (Male) |
| 1:24 | Create | Villager (Male) |
| 1:53 | Build | Lumber Camp |
| 2:08 | Create | Villager (Male) |
| 2:30 | Create | Villager (Male) |
| 2:31 | Create | Villager (Male) |
| 2:57 | Create | Villager (Male) |
| 2:57 | Create | Villager (Male) |
| 3:39 | Create | Villager (Male) |
| 3:39 | Create | Villager (Male) |
| 4:11 | Build | House |
| 4:20 | Create | Villager (Male) |
| 4:20 | Create | Villager (Male) |
| 4:48 | Create | Villager (Male) |
| 4:48 | Create | Villager (Male) |
| 5:08 | Create | Villager (Male) |
| 5:08 | Create | Villager (Male) |
| 5:17 | Create | Villager (Male) |
| 5:44 | Build | Mill |
| 5:52 | Build | House |
| 6:07 | Create | Villager (Male) |
| 6:07 | Create | Villager (Male) |
| 6:35 | Create | Villager (Male) |
| 6:39 | Build | House |
| 7:12 | Create | Villager (Male) |
| 7:48 | Create | Villager (Male) |
| 7:50 | Create | Villager (Male) |
| 7:50 | Create | Villager (Male) |
| 8:36 | Research | Feudal Age |
| 8:47 | Build | Mining Camp |
| 9:52 | Build | Farm |
| 9:56 | Build | Farm |
| 10:28 | Build | House |
| 10:31 | Create | Villager (Male) |
| 10:32 | Create | Villager (Male) |
| 11:13 | Age | Feudal Age |
| 11:19 | Build | Market |
| 11:21 | Build | Blacksmith |
| 12:10 | Research | Castle Age |
| 12:10 | Research | Castle Age |
| 12:26 | Build | Farm |
| 12:27 | Build | Farm |
| 12:29 | Research | Horse Collar |
| 12:52 | Build | Farm |
| 14:22 | Create | Villager (Male) |
| 14:50 | Age | Castle Age |
| 14:51 | Build | Monastery |
| 14:55 | Build | Town Center |
| 14:59 | Create | Villager (Male) |
| 15:01 | Build | Town Center |
| 15:30 | Create | Villager (Male) |
| 15:34 | Build | Farm |
| 15:45 | Create | Monk |
| 15:46 | Build | House |
| 15:56 | Create | Villager (Male) |
| 15:58 | Build | Farm |
| 16:00 | Build | Farm |
| 16:01 | Build | Farm |
| 16:07 | Build | Farm |
| 16:08 | Create | Villager (Male) |
| 16:11 | Build | House |
| 16:18 | Create | Villager (Male) |
| 16:23 | Build | Farm |
| 16:24 | Create | Villager (Male) |
| 16:31 | Create | Villager (Male) |
| 16:32 | Create | Villager (Male) |
| 16:32 | Create | Villager (Male) |
| 16:36 | Build | House |
| 16:54 | Create | Villager (Male) |
| 16:55 | Create | Villager (Male) |
| 16:55 | Create | Villager (Male) |
| 16:58 | Build | House |
| 17:01 | Build | Farm |
| 17:02 | Build | Farm |
| 17:17 | Create | Villager (Male) |
| 17:18 | Create | Villager (Male) |
| 17:18 | Create | Villager (Male) |
| 17:21 | Build | House |
| 17:26 | Build | Farm |
| 17:27 | Build | Farm |
| 17:38 | Build | Farm |
| 17:41 | Create | Villager (Male) |
| 17:42 | Create | Villager (Male) |
| 17:52 | Create | Villager (Male) |
| 17:55 | Build | House |
| 17:56 | Build | House |
| 18:00 | Build | Farm |
| 18:07 | Build | Farm |
| 18:09 | Create | Villager (Male) |
| 18:09 | Create | Villager (Male) |
| 18:10 | Create | Villager (Male) |
| 18:25 | Build | Farm |
| 18:26 | Build | Farm |
| 18:31 | Build | House |
| 18:49 | Create | Villager (Male) |
| 18:49 | Create | Villager (Male) |
| 18:50 | Create | Villager (Male) |
| 18:58 | Build | House |
| 18:58 | Build | House |
| 19:05 | Create | Villager (Male) |
| 19:06 | Create | Villager (Male) |
| 19:07 | Create | Villager (Male) |
| 19:13 | Build | Town Center |
| 19:18 | Create | Villager (Male) |
| 19:21 | Build | Farm |
| 19:22 | Build | Farm |
| 19:28 | Create | Villager (Male) |
| 19:28 | Create | Villager (Male) |
| 19:37 | Build | Farm |
| 19:40 | Build | Farm |
| 19:53 | Create | Villager (Male) |
| 19:54 | Create | Villager (Male) |
| 19:55 | Create | Villager (Male) |
| 20:01 | Research | Wheelbarrow |
| 20:01 | Research | Wheelbarrow |
| 20:04 | Build | House |
| 20:05 | Build | House |
| 20:05 | Build | House |
| 20:16 | Create | Villager (Male) |
| 20:23 | Create | Villager (Male) |
| 20:31 | Build | Farm |
| 20:32 | Build | Farm |
| 20:33 | Build | Farm |
| 20:34 | Build | Farm |
| 20:35 | Build | Farm |
| 20:39 | Create | Villager (Male) |
| 20:40 | Create | Villager (Male) |
| 20:48 | Create | Villager (Male) |
| 20:48 | Create | Villager (Male) |
| 20:56 | Research | Gold Mining |
| 20:56 | Research | Gold Mining |
| 21:02 | Build | House |
| 21:20 | Create | Villager (Male) |
| 21:20 | Create | Villager (Male) |
| 21:21 | Create | Villager (Male) |
| 21:27 | Build | Farm |
| 21:28 | Build | Farm |
| 21:30 | Build | Farm |
| 21:31 | Build | Farm |
| 21:32 | Build | Farm |
| 21:34 | Create | Villager (Male) |
| 21:35 | Create | Villager (Male) |
| 21:37 | Research | Loom |
| 21:38 | Create | Villager (Male) |
Build order — MiBe
First 150 of 513 actions detected
| 0:01 | Create | Villager (Male) |
| 0:01 | Create | Villager (Male) |
| 0:02 | Create | Villager (Male) |
| 0:03 | Build | House |
| 0:04 | Build | House |
| 0:21 | Create | Villager (Male) |
| 1:27 | Create | Villager (Male) |
| 1:47 | Build | Lumber Camp |
| 2:03 | Create | Villager (Male) |
| 2:12 | Build | House |
| 2:13 | Build | House |
| 2:27 | Create | Villager (Male) |
| 2:52 | Create | Villager (Male) |
| 3:06 | Create | Villager (Male) |
| 3:33 | Create | Villager (Male) |
| 3:54 | Create | Villager (Male) |
| 4:37 | Create | Villager (Male) |
| 4:53 | Create | Villager (Male) |
| 5:10 | Create | Villager (Male) |
| 5:51 | Create | Villager (Male) |
| 6:01 | Build | Mill |
| 6:06 | Create | Villager (Male) |
| 6:29 | Create | Villager (Male) |
| 6:47 | Build | Mining Camp |
| 7:02 | Create | Villager (Male) |
| 7:19 | Build | Lumber Camp |
| 7:30 | Create | Villager (Male) |
| 7:48 | Create | Villager (Male) |
| 7:59 | Create | Villager (Male) |
| 8:37 | Research | Feudal Age |
| 8:50 | Research | Loom |
| 9:09 | Build | Farm |
| 9:31 | Build | Farm |
| 9:46 | Build | Palisade Wall |
| 9:50 | Build | Palisade Wall |
| 9:52 | Build | Palisade Wall |
| 10:03 | Build | Palisade Gate |
| 10:48 | Create | Villager (Male) |
| 10:52 | Build | Farm |
| 10:57 | Age | Feudal Age |
| 11:00 | Create | Villager (Male) |
| 11:08 | Build | House |
| 11:10 | Create | Villager (Male) |
| 11:18 | Build | Farm |
| 11:23 | Create | Villager (Male) |
| 11:44 | Create | Villager (Male) |
| 11:50 | Build | Market |
| 11:56 | Build | Blacksmith |
| 12:17 | Build | Mining Camp |
| 12:25 | Create | Villager (Male) |
| 12:29 | Build | House |
| 12:30 | Build | House |
| 12:35 | Build | Farm |
| 12:55 | Create | Villager (Male) |
| 13:01 | Build | Farm |
| 13:14 | Create | Villager (Male) |
| 13:34 | Create | Villager (Male) |
| 13:40 | Build | House |
| 13:48 | Create | Villager (Male) |
| 13:53 | Build | Farm |
| 13:55 | Build | Farm |
| 14:02 | Research | Castle Age |
| 14:20 | Research | Double-Bit Axe |
| 14:54 | Build | Watch Tower |
| 15:07 | Research | Horse Collar |
| 15:37 | Create | Villager (Male) |
| 15:43 | Build | House |
| 15:44 | Build | House |
| 15:45 | Build | House |
| 15:50 | Build | Palisade Wall |
| 15:51 | Build | Palisade Wall |
| 15:58 | Build | House |
| 16:27 | Build | Palisade Wall |
| 16:29 | Build | Palisade Wall |
| 16:31 | Build | Palisade Wall |
| 16:33 | Build | Palisade Wall |
| 16:33 | Build | Palisade Wall |
| 16:48 | Research | Fletching |
| 16:54 | Create | Villager (Male) |
| 17:01 | Age | Castle Age |
| 17:07 | Build | Town Center |
| 17:29 | Create | Villager (Male) |
| 17:32 | Research | Bow Saw |
| 17:33 | Research | Heavy Plow |
| 17:56 | Create | Villager (Male) |
| 18:14 | Create | Villager (Male) |
| 18:44 | Build | Town Center |
| 18:49 | Create | Villager (Male) |
| 19:05 | Build | Stone Wall |
| 19:07 | Build | Stone Wall |
| 19:07 | Build | Stone Wall |
| 19:08 | Build | Stone Wall |
| 19:10 | Build | Stone Wall |
| 19:20 | Create | Villager (Male) |
| 19:22 | Create | Villager (Male) |
| 19:23 | Create | Villager (Male) |
| 19:23 | Create | Villager (Male) |
| 19:29 | Build | Farm |
| 19:30 | Build | Farm |
| 19:32 | Build | Farm |
| 19:34 | Build | Farm |
| 19:37 | Build | Farm |
| 19:39 | Create | Villager (Male) |
| 19:48 | Create | Villager (Male) |
| 19:48 | Create | Villager (Male) |
| 20:03 | Build | Stone Wall |
| 20:03 | Build | Stone Wall |
| 20:06 | Build | Stone Wall |
| 20:13 | Create | Villager (Male) |
| 20:13 | Create | Villager (Male) |
| 20:31 | Create | Villager (Male) |
| 20:31 | Create | Villager (Male) |
| 20:41 | Build | Stone Wall |
| 20:43 | Build | Stone Wall |
| 20:52 | Create | Villager (Male) |
| 20:52 | Create | Villager (Male) |
| 21:01 | Build | Farm |
| 21:02 | Build | Farm |
| 21:03 | Build | Farm |
| 21:04 | Build | Farm |
| 21:05 | Build | Farm |
| 21:11 | Create | Villager (Male) |
| 21:11 | Create | Villager (Male) |
| 21:25 | Create | Villager (Male) |
| 21:25 | Create | Villager (Male) |
| 21:30 | Build | Farm |
| 21:37 | Create | Villager (Male) |
| 21:46 | Build | House |
| 21:47 | Build | House |
| 21:53 | Build | House |
| 21:54 | Build | House |
| 22:04 | Build | Farm |
| 22:06 | Build | Farm |
| 22:08 | Create | Villager (Male) |
| 22:10 | Research | Town Watch |
| 22:39 | Build | House |
| 22:40 | Build | House |
| 22:44 | Build | Palisade Wall |
| 23:09 | Create | Villager (Male) |
| 23:09 | Create | Villager (Male) |
| 23:09 | Create | Villager (Male) |
| 23:24 | Create | Villager (Male) |
| 23:25 | Create | Villager (Male) |
| 23:26 | Create | Villager (Male) |
| 23:37 | Build | Farm |
| 23:38 | Create | Villager (Male) |
| 23:39 | Create | Villager (Male) |
| 24:01 | Research | Bodkin Arrow |
| 24:05 | Research | Gold Mining |
| 24:15 | Create | Villager (Male) |
Build order — AncientKing
First 150 of 660 actions detected
| 0:02 | Create | Villager (Male) ×4 |
| 0:03 | Build | House |
| 0:06 | Build | House |
| 1:33 | Create | Villager (Male) |
| 1:34 | Create | Villager (Male) |
| 1:57 | Build | Lumber Camp |
| 2:08 | Create | Villager (Male) |
| 2:08 | Create | Villager (Male) |
| 2:22 | Create | Villager (Male) |
| 2:34 | Create | Villager (Male) |
| 2:53 | Create | Villager (Male) |
| 2:53 | Create | Villager (Male) |
| 3:22 | Create | Villager (Male) |
| 3:22 | Create | Villager (Male) |
| 3:25 | Build | House |
| 3:44 | Create | Villager (Male) |
| 3:44 | Create | Villager (Male) |
| 4:05 | Create | Villager (Male) |
| 4:09 | Build | Mill |
| 4:45 | Create | Villager (Male) |
| 4:46 | Create | Villager (Male) |
| 5:10 | Create | Villager (Male) |
| 5:10 | Create | Villager (Male) |
| 5:22 | Research | Loom |
| 5:54 | Create | Villager (Male) |
| 5:54 | Create | Villager (Male) |
| 6:05 | Build | House |
| 6:40 | Create | Villager (Male) |
| 6:40 | Create | Villager (Male) |
| 7:41 | Create | Villager (Male) |
| 7:41 | Create | Villager (Male) |
| 7:42 | Create | Villager (Male) |
| 8:40 | Create | Villager (Male) |
| 8:43 | Build | Mining Camp |
| 8:59 | Research | Feudal Age |
| 9:33 | Build | Mining Camp |
| 9:49 | Build | Lumber Camp |
| 9:53 | Build | House |
| 10:56 | Create | Villager (Male) |
| 10:57 | Create | Villager (Male) |
| 10:57 | Create | Villager (Male) |
| 11:31 | Age | Feudal Age |
| 11:38 | Build | Market |
| 11:44 | Build | Blacksmith |
| 12:55 | Research | Castle Age |
| 12:55 | Research | Castle Age |
| 13:27 | Research | Double-Bit Axe |
| 13:27 | Research | Double-Bit Axe |
| 13:27 | Research | Double-Bit Axe |
| 13:31 | Build | Farm |
| 15:12 | Build | House |
| 15:35 | Age | Castle Age |
| 15:39 | Build | Town Center |
| 15:42 | Create | Villager (Male) |
| 15:44 | Research | Bow Saw |
| 15:44 | Research | Bow Saw |
| 15:44 | Research | Bow Saw |
| 15:47 | Build | Town Center |
| 15:59 | Build | Town Center |
| 16:09 | Build | Farm |
| 16:15 | Build | Farm |
| 16:17 | Build | Farm |
| 16:18 | Build | Farm |
| 16:23 | Create | Villager (Male) |
| 16:24 | Create | Villager (Male) |
| 16:29 | Build | Farm |
| 16:31 | Build | Farm |
| 16:55 | Create | Villager (Male) |
| 16:55 | Create | Villager (Male) |
| 16:58 | Build | Farm |
| 17:11 | Build | Farm |
| 17:14 | Build | Farm |
| 17:18 | Build | Farm |
| 17:26 | Create | Villager (Male) |
| 17:27 | Create | Villager (Male) |
| 17:36 | Build | Farm |
| 17:46 | Build | Farm |
| 17:52 | Create | Villager (Male) |
| 17:52 | Create | Villager (Male) |
| 17:57 | Build | Farm |
| 17:58 | Create | Villager (Male) |
| 17:58 | Create | Villager (Male) |
| 18:06 | Build | Farm |
| 18:14 | Build | Farm |
| 18:21 | Build | House |
| 18:23 | Create | Villager (Male) |
| 18:23 | Create | Villager (Male) |
| 18:23 | Create | Villager (Male) |
| 18:26 | Build | Farm |
| 18:36 | Build | Farm |
| 18:37 | Create | Villager (Male) |
| 18:37 | Create | Villager (Male) |
| 18:44 | Build | House |
| 18:48 | Create | Villager (Male) |
| 18:50 | Build | Farm |
| 18:55 | Build | House |
| 18:56 | Create | Villager (Male) |
| 19:07 | Create | Villager (Male) |
| 19:07 | Create | Villager (Male) |
| 19:11 | Build | Farm |
| 19:14 | Create | Villager (Male) |
| 19:14 | Create | Villager (Male) |
| 19:17 | Build | House |
| 19:18 | Build | House |
| 19:24 | Create | Villager (Male) |
| 19:28 | Build | Farm |
| 19:29 | Create | Villager (Male) |
| 19:29 | Create | Villager (Male) |
| 19:35 | Build | Farm |
| 19:36 | Create | Villager (Male) |
| 19:37 | Create | Villager (Male) |
| 19:40 | Build | House |
| 19:50 | Create | Villager (Male) |
| 19:51 | Create | Villager (Male) |
| 19:53 | Build | Farm |
| 19:57 | Build | Farm |
| 19:59 | Create | Villager (Male) |
| 20:02 | Build | Farm |
| 20:10 | Create | Villager (Male) |
| 20:11 | Create | Villager (Male) |
| 20:17 | Create | Villager (Male) |
| 20:17 | Create | Villager (Male) |
| 20:19 | Build | House |
| 20:22 | Create | Villager (Male) |
| 20:25 | Build | Farm |
| 20:29 | Build | Farm |
| 20:38 | Build | Farm |
| 20:43 | Research | Wheelbarrow |
| 20:44 | Research | Wheelbarrow |
| 20:46 | Create | Villager (Male) ×2 |
| 20:46 | Create | Villager (Male) ×2 |
| 20:51 | Create | Villager (Male) |
| 20:51 | Create | Villager (Male) |
| 20:55 | Create | Villager (Male) |
| 20:55 | Create | Villager (Male) |
| 21:03 | Research | Horse Collar |
| 21:03 | Research | Horse Collar |
| 21:06 | Build | Farm |
| 21:10 | Build | Farm |
| 21:12 | Create | Villager (Male) |
| 21:12 | Create | Villager (Male) |
| 21:17 | Build | Farm |
| 21:18 | Create | Villager (Male) |
| 21:18 | Create | Villager (Male) |
| 21:20 | Build | Farm |
| 21:25 | Create | Villager (Male) |
| 21:37 | Create | Villager (Male) |
| 21:38 | Create | Villager (Male) |
| 21:46 | Create | Villager (Male) |
| 21:47 | Create | Villager (Male) |
Build order — Rank
First 150 of 1063 actions detected
| 0:01 | Create | Villager (Male) |
| 0:02 | Create | Villager (Male) |
| 0:03 | Build | House |
| 0:04 | Build | House |
| 0:27 | Create | Villager (Male) |
| 0:27 | Create | Villager (Male) |
| 1:02 | Create | Villager (Male) |
| 1:32 | Create | Villager (Male) |
| 1:32 | Create | Villager (Male) |
| 1:51 | Build | Lumber Camp |
| 2:01 | Create | Villager (Male) |
| 2:01 | Create | Villager (Male) |
| 2:23 | Create | Villager (Male) |
| 2:23 | Create | Villager (Male) |
| 2:57 | Create | Villager (Male) |
| 2:58 | Create | Villager (Male) |
| 3:01 | Build | House |
| 3:37 | Create | Villager (Male) |
| 3:37 | Create | Villager (Male) |
| 3:37 | Create | Villager (Male) |
| 4:13 | Create | Villager (Male) |
| 4:22 | Create | Villager (Male) |
| 4:23 | Create | Villager (Male) |
| 4:23 | Create | Villager (Male) |
| 4:54 | Create | Villager (Male) |
| 5:20 | Build | House |
| 6:13 | Create | Villager (Male) |
| 6:18 | Build | Mill |
| 6:35 | Create | Villager (Male) |
| 6:52 | Create | Villager (Male) |
| 7:15 | Create | Villager (Male) |
| 7:21 | Create | Villager (Male) |
| 7:34 | Build | Mining Camp |
| 7:54 | Research | Feudal Age |
| 9:53 | Build | House |
| 9:54 | Build | House |
| 10:11 | Create | Villager (Male) |
| 10:12 | Create | Villager (Male) |
| 10:31 | Age | Feudal Age |
| 10:35 | Build | Market |
| 10:37 | Build | Blacksmith |
| 10:44 | Create | Villager (Male) |
| 11:41 | Research | Castle Age |
| 11:41 | Research | Castle Age |
| 12:09 | Research | Double-Bit Axe |
| 12:09 | Research | Double-Bit Axe |
| 14:03 | Create | Villager (Male) |
| 14:03 | Create | Villager (Male) |
| 14:26 | Age | Castle Age |
| 14:31 | Build | Town Center |
| 14:36 | Build | Town Center |
| 14:46 | Build | Town Center |
| 14:57 | Build | Farm |
| 15:18 | Create | Villager (Male) |
| 15:20 | Build | Farm |
| 15:34 | Create | Villager (Male) |
| 15:43 | Research | Loom |
| 15:46 | Create | Villager (Male) |
| 15:50 | Create | Villager (Male) |
| 15:52 | Create | Villager (Male) |
| 16:01 | Build | Farm |
| 16:07 | Create | Villager (Male) |
| 16:08 | Create | Villager (Male) |
| 16:12 | Build | Farm |
| 16:15 | Create | Villager (Male) |
| 16:20 | Build | Farm |
| 16:36 | Build | Farm |
| 16:42 | Build | Farm |
| 16:46 | Create | Villager (Male) |
| 16:47 | Create | Villager (Male) |
| 16:50 | Build | Farm |
| 16:57 | Build | Farm |
| 17:12 | Build | Farm |
| 17:15 | Build | Farm |
| 17:15 | Create | Villager (Male) |
| 17:15 | Create | Villager (Male) |
| 17:21 | Create | Villager (Male) |
| 17:21 | Create | Villager (Male) |
| 17:22 | Create | Villager (Male) |
| 17:22 | Create | Villager (Male) |
| 17:26 | Build | Farm |
| 17:31 | Build | Farm |
| 17:34 | Create | Villager (Male) |
| 17:35 | Create | Villager (Male) |
| 17:46 | Build | Farm |
| 17:53 | Create | Villager (Male) |
| 17:56 | Build | Farm |
| 18:00 | Build | Farm |
| 18:04 | Build | Farm |
| 18:04 | Create | Villager (Male) |
| 18:05 | Create | Villager (Male) |
| 18:10 | Build | Farm |
| 18:11 | Create | Villager (Male) |
| 18:12 | Create | Villager (Male) |
| 18:16 | Build | Farm |
| 18:18 | Create | Villager (Male) |
| 18:18 | Create | Villager (Male) |
| 18:32 | Create | Villager (Male) |
| 18:41 | Create | Villager (Male) |
| 18:42 | Create | Villager (Male) |
| 18:46 | Create | Villager (Male) |
| 18:46 | Create | Villager (Male) |
| 18:53 | Build | Farm |
| 18:55 | Build | Farm |
| 18:56 | Build | Farm |
| 18:57 | Create | Villager (Male) |
| 19:03 | Build | House |
| 19:05 | Build | House |
| 19:06 | Build | House |
| 19:15 | Create | Villager (Male) |
| 19:15 | Create | Villager (Male) |
| 19:23 | Research | Wheelbarrow |
| 19:23 | Research | Wheelbarrow |
| 19:27 | Research | Horse Collar |
| 19:28 | Create | Villager (Male) |
| 19:28 | Create | Villager (Male) |
| 19:34 | Create | Villager (Male) |
| 19:38 | Create | Villager (Male) |
| 19:38 | Create | Villager (Male) |
| 19:42 | Build | Farm |
| 19:43 | Build | Farm |
| 19:44 | Create | Villager (Male) |
| 19:46 | Build | Farm |
| 19:47 | Build | Farm |
| 19:48 | Create | Villager (Male) |
| 19:48 | Create | Villager (Male) |
| 19:57 | Create | Villager (Male) |
| 19:59 | Build | House |
| 19:59 | Build | House |
| 20:00 | Build | House |
| 20:06 | Create | Villager (Male) |
| 20:09 | Create | Villager (Male) |
| 20:09 | Create | Villager (Male) |
| 20:15 | Build | Farm |
| 20:16 | Build | Farm |
| 20:17 | Build | Farm |
| 20:18 | Create | Villager (Male) |
| 20:18 | Create | Villager (Male) |
| 20:19 | Create | Villager (Male) |
| 20:27 | Build | Market |
| 20:30 | Create | Villager (Male) |
| 20:30 | Create | Villager (Male) |
| 20:31 | Create | Villager (Male) |
| 20:32 | Create | Villager (Male) |
| 20:38 | Create | Villager (Male) |
| 20:38 | Create | Villager (Male) |
| 20:43 | Build | House |
| 20:44 | Build | House |
| 20:51 | Create | Villager (Male) |
| 20:53 | Create | Villager (Male) |
Build order — Çıkmaz Sokak
First 150 of 990 actions detected
| 0:01 | Build | House |
| 0:02 | Create | Villager (Male) |
| 0:09 | Create | Villager (Male) |
| 0:09 | Create | Villager (Male) |
| 0:12 | Create | Villager (Male) |
| 1:27 | Create | Villager (Male) |
| 1:28 | Create | Villager (Male) |
| 1:50 | Create | Villager (Male) |
| 1:50 | Create | Villager (Male) |
| 2:06 | Build | Palisade Wall |
| 2:10 | Build | Palisade Wall |
| 2:11 | Build | Palisade Wall |
| 2:12 | Build | Palisade Wall |
| 2:16 | Build | Palisade Wall |
| 2:17 | Build | Palisade Wall |
| 2:20 | Create | Villager (Male) |
| 2:22 | Build | House |
| 2:35 | Create | Villager (Male) |
| 2:47 | Build | House |
| 2:54 | Create | Villager (Male) |
| 2:54 | Create | Villager (Male) |
| 3:04 | Create | Villager (Male) |
| 3:20 | Build | Lumber Camp |
| 3:29 | Create | Villager (Male) |
| 3:59 | Create | Villager (Male) |
| 3:59 | Create | Villager (Male) |
| 4:00 | Create | Villager (Male) |
| 4:12 | Build | Palisade Wall |
| 4:15 | Build | Palisade Wall |
| 4:25 | Create | Villager (Male) |
| 4:25 | Create | Villager (Male) |
| 5:18 | Build | Mill |
| 5:29 | Build | Palisade Wall |
| 5:33 | Create | Villager (Male) |
| 6:05 | Build | Palisade Wall |
| 6:42 | Research | Feudal Age |
| 6:42 | Research | Feudal Age |
| 6:42 | Research | Feudal Age |
| 7:12 | Create | Villager (Male) |
| 7:12 | Create | Villager (Male) |
| 7:56 | Build | Barracks |
| 7:56 | Build | Palisade Wall |
| 8:51 | Create | Villager (Male) |
| 8:52 | Age | Feudal Age |
| 8:54 | Build | House |
| 9:09 | Build | Stable |
| 9:22 | Create | Villager (Male) |
| 9:35 | Build | House |
| 9:51 | Create | Scout Cavalry |
| 9:55 | Create | Villager (Male) |
| 10:07 | Create | Scout Cavalry |
| 10:15 | Create | Villager (Male) |
| 10:31 | Research | Double-Bit Axe |
| 10:44 | Create | Scout Cavalry |
| 10:45 | Create | Villager (Male) |
| 10:52 | Build | House |
| 11:02 | Create | Villager (Male) |
| 11:22 | Create | Scout Cavalry |
| 11:34 | Create | Villager (Male) |
| 11:54 | Build | Palisade Gate |
| 11:59 | Create | Scout Cavalry |
| 12:00 | Create | Scout Cavalry |
| 12:07 | Create | Scout Cavalry |
| 12:10 | Create | Scout Cavalry |
| 12:10 | Create | Scout Cavalry |
| 12:13 | Build | Farm |
| 12:14 | Build | Farm |
| 12:18 | Research | Horse Collar |
| 12:22 | Build | Farm |
| 12:22 | Create | Villager (Male) |
| 12:23 | Create | Villager (Male) |
| 12:38 | Build | Farm |
| 12:39 | Build | Farm |
| 12:43 | Build | Farm |
| 13:02 | Create | Villager (Male) |
| 13:03 | Build | Farm |
| 13:05 | Build | Farm |
| 13:07 | Build | Farm |
| 13:15 | Create | Scout Cavalry |
| 13:28 | Build | Farm |
| 13:29 | Build | Farm |
| 13:29 | Create | Villager (Male) |
| 13:33 | Build | House |
| 13:37 | Build | House |
| 13:52 | Create | Villager (Male) |
| 14:00 | Create | Villager (Male) |
| 14:02 | Build | Farm |
| 14:09 | Research | Wheelbarrow |
| 14:09 | Research | Wheelbarrow |
| 14:10 | Research | Wheelbarrow |
| 14:32 | Build | Farm |
| 14:33 | Create | Villager (Male) |
| 14:51 | Create | Scout Cavalry |
| 15:01 | Build | Blacksmith |
| 15:34 | Create | Villager (Male) |
| 15:35 | Build | Lumber Camp |
| 15:36 | Create | Villager (Male) |
| 15:50 | Create | Scout Cavalry |
| 15:51 | Research | Bloodlines |
| 16:04 | Research | Scale Barding Armor |
| 16:10 | Build | Mining Camp |
| 16:14 | Build | Farm |
| 16:16 | Create | Villager (Male) |
| 16:18 | Build | House |
| 16:36 | Build | Farm |
| 16:38 | Build | Farm |
| 16:44 | Create | Villager (Male) |
| 16:52 | Create | Scout Cavalry |
| 17:09 | Research | Forging |
| 17:10 | Create | Villager (Male) |
| 17:13 | Create | Scout Cavalry |
| 17:14 | Create | Scout Cavalry |
| 17:28 | Build | Farm |
| 17:29 | Create | Villager (Male) |
| 17:31 | Build | Farm |
| 17:36 | Build | House |
| 17:40 | Build | Farm |
| 17:41 | Create | Villager (Male) |
| 17:50 | Create | Scout Cavalry |
| 17:58 | Build | Farm |
| 18:00 | Create | Villager (Male) |
| 18:01 | Build | House |
| 18:44 | Create | Villager (Male) |
| 18:48 | Build | Farm |
| 18:51 | Create | Villager (Male) |
| 18:54 | Build | Lumber Camp |
| 19:33 | Create | Villager (Male) |
| 20:13 | Research | Castle Age |
| 20:13 | Research | Castle Age |
| 20:13 | Research | Castle Age |
| 20:46 | Build | House |
| 21:09 | Create | Scout Cavalry |
| 21:18 | Create | Scout Cavalry |
| 21:22 | Build | Stable |
| 21:29 | Create | Scout Cavalry |
| 21:33 | Create | Scout Cavalry |
| 21:37 | Create | Scout Cavalry |
| 21:39 | Create | Scout Cavalry |
| 21:44 | Build | Lumber Camp |
| 21:56 | Build | House |
| 21:59 | Build | Farm |
| 22:01 | Create | Scout Cavalry |
| 22:03 | Create | Scout Cavalry |
| 22:29 | Create | Scout Cavalry |
| 22:52 | Create | Scout Cavalry |
| 22:52 | Create | Scout Cavalry |
| 22:53 | Create | Scout Cavalry |
| 22:53 | Age | Castle Age |
| 22:59 | Research | Light Cavalry (upgrade) |
| 23:00 | Research | Chain Barding Armor |
Build order — kivarmicz
First 150 of 903 actions detected
| 0:01 | Create | Villager (Male) |
| 0:01 | Create | Villager (Male) |
| 0:02 | Build | House |
| 0:03 | Build | House |
| 0:10 | Create | Villager (Male) |
| 0:20 | Create | Villager (Male) |
| 0:20 | Create | Villager (Male) |
| 1:33 | Create | Villager (Male) |
| 1:33 | Create | Villager (Male) |
| 1:57 | Build | Lumber Camp |
| 2:01 | Create | Villager (Male) |
| 2:01 | Create | Villager (Male) |
| 2:26 | Create | Villager (Male) |
| 2:27 | Create | Villager (Male) |
| 2:49 | Create | Villager (Male) |
| 2:49 | Create | Villager (Male) |
| 3:02 | Create | Villager (Male) |
| 3:02 | Create | Villager (Male) |
| 3:09 | Build | House |
| 3:11 | Build | House |
| 3:37 | Create | Villager (Male) |
| 3:38 | Create | Villager (Male) |
| 3:50 | Create | Villager (Male) |
| 3:50 | Create | Villager (Male) |
| 4:22 | Create | Villager (Male) |
| 4:22 | Create | Villager (Male) |
| 4:33 | Build | Mill |
| 4:57 | Create | Villager (Male) |
| 4:57 | Create | Villager (Male) |
| 4:58 | Create | Villager (Male) |
| 4:58 | Create | Villager (Male) |
| 5:19 | Create | Villager (Male) |
| 5:19 | Create | Villager (Male) |
| 5:55 | Create | Villager (Male) |
| 5:55 | Create | Villager (Male) |
| 5:56 | Create | Villager (Male) |
| 6:38 | Create | Villager (Male) |
| 7:05 | Research | Feudal Age |
| 7:05 | Research | Feudal Age |
| 7:44 | Build | Barracks |
| 7:56 | Build | House |
| 8:00 | Create | Villager (Male) |
| 8:00 | Create | Villager (Male) |
| 9:16 | Age | Feudal Age |
| 9:21 | Build | Stable |
| 9:24 | Research | Double-Bit Axe |
| 9:30 | Create | Villager (Male) |
| 9:37 | Research | Horse Collar |
| 9:40 | Build | Farm |
| 9:50 | Build | House |
| 9:56 | Create | Villager (Male) |
| 10:02 | Create | Villager (Male) |
| 10:03 | Create | Scout Cavalry |
| 10:30 | Create | Scout Cavalry |
| 10:38 | Build | Farm |
| 10:49 | Build | Farm |
| 10:52 | Build | Farm |
| 11:00 | Create | Villager (Male) |
| 11:08 | Create | Scout Cavalry |
| 11:29 | Create | Villager (Male) |
| 11:52 | Create | Villager (Male) |
| 11:56 | Build | Farm |
| 11:58 | Build | Farm |
| 12:00 | Build | Farm |
| 12:04 | Build | Farm |
| 12:12 | Create | Villager (Male) |
| 12:15 | Build | Farm |
| 12:39 | Create | Villager (Male) |
| 12:43 | Build | Farm |
| 12:48 | Build | Mining Camp |
| 12:53 | Build | House |
| 12:54 | Build | House |
| 13:02 | Create | Spearman |
| 13:07 | Create | Villager (Male) |
| 13:17 | Build | House |
| 13:27 | Build | House |
| 13:32 | Create | Villager (Male) |
| 13:32 | Create | Villager (Male) |
| 13:35 | Build | Farm |
| 13:36 | Build | Farm |
| 13:53 | Create | Villager (Male) |
| 14:08 | Research | Wheelbarrow |
| 14:10 | Build | House |
| 14:11 | Build | House |
| 14:51 | Build | Market |
| 15:38 | Build | Palisade Gate |
| 15:41 | Build | House |
| 15:46 | Research | Castle Age |
| 15:46 | Research | Castle Age |
| 15:53 | Build | Lumber Camp |
| 16:55 | Build | Palisade Wall |
| 16:57 | Build | House |
| 17:00 | Build | Palisade Wall |
| 17:12 | Build | Farm |
| 17:13 | Build | Farm |
| 18:45 | Age | Castle Age |
| 18:47 | Create | Villager (Male) |
| 18:48 | Build | Town Center |
| 18:53 | Build | Town Center |
| 18:58 | Build | Town Center |
| 19:03 | Research | Bow Saw |
| 19:05 | Create | Villager (Male) |
| 19:05 | Create | Villager (Male) |
| 19:44 | Research | Heavy Plow |
| 19:47 | Create | Villager (Male) |
| 19:50 | Build | Farm |
| 19:51 | Build | Farm |
| 19:55 | Build | Farm |
| 20:07 | Build | Farm |
| 20:11 | Create | Villager (Male) |
| 20:19 | Build | Farm |
| 20:21 | Build | Farm |
| 20:25 | Create | Villager (Male) |
| 20:25 | Create | Villager (Male) |
| 20:31 | Build | Farm |
| 20:33 | Create | Villager (Male) |
| 20:38 | Build | Farm |
| 20:53 | Create | Villager (Male) |
| 20:53 | Create | Villager (Male) |
| 20:53 | Create | Villager (Male) |
| 20:54 | Create | Villager (Male) |
| 21:13 | Research | Hand Cart |
| 21:13 | Research | Hand Cart |
| 21:14 | Research | Loom |
| 21:14 | Research | Loom |
| 21:24 | Build | House |
| 21:25 | Build | House |
| 21:27 | Build | Palisade Wall |
| 21:36 | Build | House |
| 21:37 | Build | House |
| 21:42 | Create | Villager (Male) |
| 21:43 | Build | Palisade Wall |
| 21:46 | Create | Villager (Male) |
| 21:46 | Create | Villager (Male) |
| 21:51 | Build | House |
| 21:55 | Build | House |
| 21:59 | Build | Palisade Gate |
| 22:07 | Build | House |
| 22:08 | Build | House |
| 22:12 | Build | Palisade Wall |
| 22:13 | Create | Villager (Male) |
| 22:17 | Create | Villager (Male) |
| 22:21 | Create | Villager (Male) |
| 22:22 | Create | Villager (Male) |
| 22:22 | Create | Villager (Male) |
| 22:30 | Create | Villager (Male) |
| 22:34 | Create | Villager (Male) |
| 22:39 | Build | House |
| 22:41 | Build | Stable |
| 22:42 | Create | Camel Scout |
Build order — 76561198324165462
First 150 of 1141 actions detected
| 0:02 | Build | House |
| 0:03 | Create | Villager (Male) |
| 0:03 | Create | Villager (Male) |
| 0:03 | Create | Villager (Male) |
| 0:04 | Build | House |
| 0:21 | Create | Villager (Male) |
| 0:21 | Create | Villager (Male) |
| 1:24 | Create | Villager (Male) |
| 1:59 | Create | Villager (Male) |
| 2:17 | Create | Villager (Male) |
| 2:18 | Create | Villager (Male) |
| 2:33 | Build | Lumber Camp |
| 2:54 | Create | Villager (Male) |
| 2:54 | Create | Villager (Male) |
| 3:18 | Build | House |
| 3:27 | Create | Villager (Male) |
| 3:27 | Create | Villager (Male) |
| 3:28 | Create | Villager (Male) |
| 4:11 | Create | Villager (Male) |
| 4:19 | Create | Villager (Male) |
| 4:55 | Create | Villager (Male) |
| 5:07 | Create | Villager (Male) |
| 5:11 | Build | Mill |
| 5:53 | Create | Villager (Male) |
| 6:01 | Build | House |
| 6:07 | Create | Villager (Male) |
| 6:21 | Build | House |
| 6:46 | Build | House |
| 6:49 | Create | Villager (Male) |
| 7:14 | Create | Villager (Male) |
| 7:47 | Research | Feudal Age |
| 7:47 | Research | Feudal Age |
| 9:27 | Create | Villager (Male) |
| 9:48 | Build | Mining Camp |
| 9:57 | Age | Feudal Age |
| 10:03 | Build | Blacksmith |
| 10:08 | Build | Market |
| 10:20 | Create | Villager (Male) |
| 10:34 | Create | Villager (Male) |
| 11:01 | Build | Lumber Camp |
| 11:06 | Create | Villager (Male) |
| 11:25 | Create | Villager (Male) |
| 12:01 | Build | Farm |
| 12:08 | Research | Castle Age |
| 12:42 | Build | Farm |
| 12:52 | Research | Double-Bit Axe |
| 12:52 | Research | Double-Bit Axe |
| 13:24 | Research | Horse Collar |
| 13:39 | Create | Villager (Male) |
| 13:43 | Build | Farm |
| 13:44 | Build | Farm |
| 13:53 | Build | Farm |
| 13:55 | Build | Farm |
| 14:02 | Build | House |
| 14:13 | Create | Villager (Male) |
| 14:30 | Build | Barracks |
| 14:48 | Age | Castle Age |
| 14:59 | Build | House |
| 15:24 | Create | Villager (Male) |
| 15:47 | Build | House |
| 15:52 | Build | Town Center |
| 15:57 | Create | Villager (Male) |
| 16:04 | Build | House |
| 16:13 | Create | Villager (Male) |
| 16:26 | Build | Stable |
| 16:28 | Create | Villager (Male) |
| 16:46 | Create | Villager (Male) |
| 16:58 | Build | House |
| 17:03 | Create | Villager (Male) |
| 17:04 | Create | Villager (Male) |
| 17:06 | Create | Villager (Male) |
| 17:11 | Build | Farm |
| 17:19 | Build | Farm |
| 17:24 | Create | Camel Scout |
| 17:32 | Build | Farm |
| 17:45 | Build | House |
| 17:46 | Create | Villager (Male) |
| 17:52 | Build | Town Center |
| 17:58 | Build | Farm |
| 18:04 | Build | House |
| 18:06 | Create | Villager (Male) |
| 18:07 | Create | Villager (Male) |
| 18:08 | Create | Villager (Male) |
| 18:34 | Build | Farm |
| 18:34 | Create | Villager (Male) |
| 18:37 | Build | Farm |
| 18:37 | Create | Villager (Male) |
| 18:42 | Build | House |
| 18:49 | Create | Villager (Male) |
| 18:56 | Build | Farm |
| 18:58 | Build | House |
| 19:04 | Build | Farm |
| 19:12 | Create | Villager (Male) |
| 19:15 | Build | Farm |
| 19:23 | Create | Villager (Male) |
| 19:31 | Build | Farm |
| 19:32 | Create | Villager (Male) |
| 19:46 | Build | Farm |
| 19:47 | Create | Villager (Male) |
| 19:48 | Create | Villager (Male) |
| 19:51 | Build | Farm |
| 19:57 | Build | Mining Camp |
| 19:59 | Create | Villager (Male) |
| 20:10 | Create | Villager (Male) |
| 20:30 | Create | Villager (Male) |
| 20:32 | Create | Villager (Male) |
| 20:36 | Create | Villager (Male) |
| 20:43 | Build | Farm |
| 21:01 | Create | Villager (Male) |
| 21:03 | Build | Farm |
| 21:21 | Create | Villager (Male) |
| 21:22 | Research | Wheelbarrow |
| 21:32 | Create | Camel Scout |
| 21:38 | Build | Farm |
| 21:38 | Create | Villager (Male) |
| 21:52 | Build | Farm |
| 21:53 | Create | Villager (Male) |
| 21:56 | Create | Villager (Male) |
| 22:05 | Create | Villager (Male) |
| 22:08 | Build | Farm |
| 22:22 | Build | Farm |
| 22:24 | Research | Bow Saw |
| 22:36 | Build | Farm |
| 22:37 | Create | Villager (Male) |
| 22:39 | Create | Villager (Male) |
| 22:40 | Create | Villager (Male) |
| 22:49 | Create | Villager (Male) |
| 23:06 | Research | Heavy Plow |
| 23:09 | Build | Farm |
| 23:11 | Build | Farm |
| 23:12 | Create | Villager (Male) |
| 23:13 | Create | Villager (Male) |
| 23:31 | Create | Villager (Male) |
| 23:37 | Build | Farm |
| 23:39 | Build | Farm |
| 23:54 | Create | Villager (Male) |
| 23:54 | Create | Villager (Male) |
| 24:00 | Build | Farm |
| 24:03 | Build | University |
| 24:06 | Build | Lumber Camp |
| 24:10 | Research | Loom |
| 24:11 | Create | Villager (Male) |
| 24:11 | Create | Villager (Male) |
| 24:15 | Create | Villager (Male) |
| 24:16 | Create | Villager (Male) |
| 24:25 | Build | Farm |
| 24:27 | Build | Farm |
| 24:35 | Build | Stone Wall |
| 24:38 | Build | Gate |
| 24:42 | Create | Villager (Male) |
Build order — Vormit
First 150 of 590 actions detected
| 0:03 | Build | House |
| 0:19 | Research | Loom |
| 0:49 | Create | Villager (Male) |
| 0:49 | Create | Villager (Male) |
| 1:32 | Create | Villager (Male) |
| 1:32 | Create | Villager (Male) |
| 1:36 | Build | Lumber Camp |
| 2:01 | Create | Villager (Male) |
| 2:01 | Create | Villager (Male) |
| 2:51 | Create | Villager (Male) |
| 2:51 | Create | Villager (Male) |
| 3:09 | Create | Villager (Male) |
| 3:09 | Create | Villager (Male) |
| 3:48 | Create | Villager (Male) |
| 3:48 | Create | Villager (Male) |
| 3:48 | Create | Villager (Male) |
| 4:15 | Create | Villager (Male) |
| 4:15 | Create | Villager (Male) |
| 5:06 | Build | House |
| 5:21 | Create | Villager (Male) |
| 5:22 | Create | Villager (Male) |
| 5:22 | Create | Villager (Male) |
| 5:23 | Create | Villager (Male) |
| 5:23 | Create | Villager (Male) |
| 5:41 | Create | Villager (Male) |
| 5:41 | Create | Villager (Male) |
| 6:16 | Build | Mill |
| 6:47 | Create | Villager (Male) |
| 6:48 | Create | Villager (Male) |
| 7:35 | Create | Villager (Male) |
| 7:41 | Build | House |
| 8:28 | Create | Villager (Male) |
| 8:30 | Research | Feudal Age |
| 8:50 | Build | Mining Camp |
| 10:13 | Build | Farm |
| 10:15 | Build | Farm |
| 11:02 | Create | Villager (Male) |
| 11:02 | Create | Villager (Male) |
| 11:17 | Age | Feudal Age |
| 11:24 | Build | Blacksmith |
| 11:34 | Build | Market |
| 12:18 | Build | Farm |
| 12:35 | Research | Town Watch |
| 12:40 | Research | Castle Age |
| 13:04 | Build | House |
| 13:10 | Build | House |
| 13:19 | Build | Farm |
| 14:44 | Research | Double-Bit Axe |
| 14:48 | Research | Horse Collar |
| 15:17 | Create | Villager (Male) |
| 15:20 | Create | Villager (Male) |
| 15:20 | Age | Castle Age |
| 15:24 | Build | Town Center |
| 15:30 | Build | Town Center |
| 16:02 | Create | Villager (Male) |
| 16:23 | Build | Town Center |
| 16:32 | Create | Villager (Male) |
| 16:36 | Create | Villager (Male) |
| 16:38 | Create | Villager (Male) |
| 16:40 | Create | Villager (Male) |
| 16:40 | Create | Villager (Male) |
| 17:03 | Create | Villager (Male) |
| 17:03 | Create | Villager (Male) |
| 17:08 | Build | Farm |
| 17:11 | Build | Farm |
| 17:13 | Build | Farm |
| 17:15 | Build | Farm |
| 17:27 | Create | Villager (Male) |
| 17:27 | Create | Villager (Male) |
| 17:31 | Build | Farm |
| 17:45 | Build | Farm |
| 17:53 | Create | Villager (Male) |
| 17:53 | Create | Villager (Male) |
| 17:54 | Create | Villager (Male) |
| 17:57 | Build | Farm |
| 18:04 | Create | Villager (Male) |
| 18:04 | Create | Villager (Male) |
| 18:09 | Build | Farm |
| 18:16 | Build | Farm |
| 18:19 | Create | Villager (Male) |
| 18:19 | Create | Villager (Male) |
| 18:24 | Build | Farm |
| 18:32 | Build | Farm |
| 18:33 | Create | Villager (Male) |
| 18:34 | Create | Villager (Male) |
| 18:39 | Build | Farm |
| 18:43 | Create | Villager (Male) |
| 18:52 | Build | Farm |
| 18:53 | Create | Villager (Male) |
| 18:53 | Create | Villager (Male) |
| 19:02 | Build | Farm |
| 19:04 | Create | Villager (Male) |
| 19:04 | Create | Villager (Male) |
| 19:08 | Build | Farm |
| 19:10 | Create | Villager (Male) |
| 19:10 | Create | Villager (Male) |
| 19:10 | Create | Villager (Male) |
| 19:11 | Create | Villager (Male) |
| 19:18 | Create | Villager (Male) |
| 19:18 | Create | Villager (Male) |
| 19:27 | Build | Farm |
| 19:29 | Create | Villager (Male) |
| 19:29 | Create | Villager (Male) |
| 19:37 | Create | Villager (Male) |
| 19:37 | Create | Villager (Male) |
| 19:37 | Create | Villager (Male) |
| 19:42 | Build | Farm |
| 19:49 | Build | Farm |
| 19:49 | Create | Villager (Male) |
| 19:49 | Create | Villager (Male) |
| 19:50 | Create | Villager (Male) |
| 19:50 | Create | Villager (Male) |
| 20:02 | Build | Farm |
| 20:04 | Create | Villager (Male) |
| 20:04 | Create | Villager (Male) |
| 20:08 | Build | Farm |
| 20:10 | Create | Villager (Male) |
| 20:10 | Create | Villager (Male) |
| 20:15 | Build | Farm |
| 20:16 | Create | Villager (Male) |
| 20:16 | Create | Villager (Male) |
| 20:17 | Create | Villager (Male) |
| 20:25 | Create | Villager (Male) |
| 20:26 | Create | Villager (Male) |
| 20:34 | Build | Farm |
| 20:35 | Create | Villager (Male) |
| 20:35 | Create | Villager (Male) |
| 20:39 | Build | Farm |
| 20:40 | Create | Villager (Male) |
| 20:40 | Create | Villager (Male) |
| 20:40 | Create | Villager (Male) |
| 20:42 | Build | Farm |
| 20:46 | Create | Villager (Male) |
| 20:46 | Create | Villager (Male) |
| 20:52 | Create | Villager (Male) |
| 20:52 | Create | Villager (Male) |
| 20:57 | Create | Villager (Male) |
| 20:57 | Create | Villager (Male) |
| 21:02 | Create | Villager (Male) |
| 21:03 | Create | Villager (Male) |
| 21:22 | Create | Villager (Male) |
| 21:22 | Create | Villager (Male) |
| 21:24 | Build | Farm |
| 21:31 | Build | Barracks |
| 21:33 | Create | Villager (Male) |
| 21:33 | Create | Villager (Male) |
| 21:34 | Create | Villager (Male) |
| 21:34 | Create | Villager (Male) |
| 21:45 | Create | Villager (Male) |
| 21:46 | Create | Villager (Male) |
Match timeline
| 2:06 | Çıkmaz Sokak · wall_segment Palisade Wall x1 |
| 2:10 | Çıkmaz Sokak · wall_segment Palisade Wall x1 |
| 2:11 | Çıkmaz Sokak · wall_segment Palisade Wall x1 |
| 2:12 | Çıkmaz Sokak · wall_segment Palisade Wall x1 |
| 2:16 | Çıkmaz Sokak · wall_segment Palisade Wall x1 |
| 2:17 | Çıkmaz Sokak · wall_segment Palisade Wall x1 |
| 4:12 | Çıkmaz Sokak · wall_segment Palisade Wall x1 |
| 4:15 | Çıkmaz Sokak · wall_segment Palisade Wall x1 |
| 5:29 | Çıkmaz Sokak · wall_segment Palisade Wall x4 |
| 6:05 | Çıkmaz Sokak · wall_segment Palisade Wall x3 |
| 7:44 | kivarmicz · first_building Barracks |
| 7:56 | Çıkmaz Sokak · first_building Barracks |
| 7:56 | Çıkmaz Sokak · wall_segment Palisade Wall x1 |
| 8:52 | Çıkmaz Sokak · age_up feudal |
| 9:09 | Çıkmaz Sokak · first_building Stable |
| 9:16 | kivarmicz · age_up feudal |
| 9:21 | kivarmicz · first_building Stable |
| 9:46 | MiBe · wall_segment Palisade Wall x8 |
| 9:50 | MiBe · wall_segment Palisade Wall x11 |
| 9:52 | MiBe · wall_segment Palisade Wall x3 |
| 9:57 | 76561198324165462 · age_up feudal |
| 10:31 | Rank · age_up feudal |
| 10:57 | MiBe · age_up feudal |
| 11:13 | 风过无声 · age_up feudal |
| 11:17 | Vormit · age_up feudal |
| 11:31 | AncientKing · age_up feudal |
| 12:25 | Vormit · first_market_sell 100 wood |
| 12:26 | Vormit · first_market_buy 100 food |
| 14:26 | Rank · age_up castle |
| 14:30 | 76561198324165462 · first_building Barracks |
| 14:43 | Rank · first_market_buy 100 stone |
| 14:48 | 76561198324165462 · age_up castle |
| 14:50 | 风过无声 · age_up castle |
| 14:51 | 风过无声 · first_building Monastery |
| 15:20 | Vormit · age_up castle |
| 15:35 | AncientKing · age_up castle |
| 15:50 | 76561198324165462 · first_market_buy 100 wood |
| 15:50 | MiBe · wall_segment Palisade Wall x1 |
| 15:51 | MiBe · wall_segment Palisade Wall x1 |
| 16:23 | AncientKing · first_market_buy 100 food |
| 16:26 | 76561198324165462 · first_building Stable |
| 16:27 | MiBe · wall_segment Palisade Wall x1 |
| 16:29 | MiBe · wall_segment Palisade Wall x1 |
| 16:31 | MiBe · wall_segment Palisade Wall x1 |
| 16:33 | MiBe · wall_segment Palisade Wall x1 |
| 16:33 | MiBe · wall_segment Palisade Wall x1 |
| 16:55 | kivarmicz · wall_segment Palisade Wall x2 |
| 17:00 | kivarmicz · wall_segment Palisade Wall x4 |
| 17:01 | MiBe · age_up castle |
| 18:45 | kivarmicz · age_up castle |
| 18:46 | kivarmicz · first_market_buy 100 stone |
| 19:05 | MiBe · wall_segment Stone Wall x1 |
| 19:07 | MiBe · wall_segment Stone Wall x1 |
| 19:07 | MiBe · wall_segment Stone Wall x1 |
| 19:08 | MiBe · wall_segment Stone Wall x1 |
| 19:10 | MiBe · wall_segment Stone Wall x1 |
| 20:03 | MiBe · wall_segment Stone Wall x1 |
| 20:03 | MiBe · wall_segment Stone Wall x1 |
| 20:06 | MiBe · wall_segment Stone Wall x2 |
| 20:41 | MiBe · wall_segment Stone Wall x4 |
| 20:43 | MiBe · wall_segment Stone Wall x3 |
| 21:23 | Rank · first_building Barracks |
| 21:27 | kivarmicz · wall_segment Palisade Wall x1 |
| 21:31 | Vormit · first_building Barracks |
| 21:43 | kivarmicz · wall_segment Palisade Wall x1 |
| 22:06 | Rank · first_building Stable |
| 22:12 | kivarmicz · wall_segment Palisade Wall x5 |
| 22:44 | MiBe · wall_segment Palisade Wall x1 |
| 22:53 | Çıkmaz Sokak · age_up castle |
| 23:26 | Vormit · first_building Castle |
| 23:52 | MiBe · first_market_buy 100 food |
| 24:35 | 76561198324165462 · wall_segment Stone Wall x26 |
| 24:37 | AncientKing · first_building Monastery |
| 24:42 | Rank · first_building Castle |
| 25:19 | 76561198324165462 · first_building Monastery |
| 25:24 | AncientKing · first_building Barracks |
| 25:33 | 风过无声 · first_building Barracks |
| 26:11 | AncientKing · first_building Siege Workshop |
| 26:46 | 风过无声 · first_building Stable |
| 26:49 | AncientKing · first_building Castle |
| 26:53 | 风过无声 · first_building Castle |
| 27:04 | 76561198324165462 · first_building Castle |
| 27:05 | Rank · first_building Siege Workshop |
| 27:11 | kivarmicz · first_building Monastery |
| 27:12 | Rank · first_building Archery Range |
| 27:44 | MiBe · first_building Castle |
| 28:22 | Rank · first_market_sell 100 food |
| 28:22 | Çıkmaz Sokak · first_building Monastery |
| 28:37 | kivarmicz · first_market_sell 500 food |
| 28:39 | MiBe · first_building Monastery |
| 28:50 | Vormit · first_building Siege Workshop |
| 29:17 | 76561198324165462 · age_up imperial |
| 29:27 | AncientKing · age_up imperial |
| 29:28 | kivarmicz · wall_segment Stone Wall x1 |
| 29:35 | kivarmicz · wall_segment Stone Wall x1 |
| 30:00 | 风过无声 · first_building Siege Workshop |
| 30:33 | Vormit · age_up imperial |
| 30:34 | Rank · age_up imperial |
| 30:49 | Çıkmaz Sokak · first_building Siege Workshop |
| 31:07 | 风过无声 · age_up imperial |
| 31:13 | kivarmicz · age_up imperial |
| 32:39 | 76561198324165462 · first_market_sell 500 wood |
| 32:43 | MiBe · first_building Barracks |
| 33:26 | Çıkmaz Sokak · age_up imperial |
| 33:40 | Vormit · tribute_sent a jugador 1 |
| 33:40 | Vormit · tribute_sent a jugador 2 |
| 33:40 | Vormit · tribute_sent a jugador 3 |
| 33:40 | Vormit · tribute_sent a jugador 4 |
| 33:40 | Vormit · tribute_sent a jugador 5 |
| 33:40 | Vormit · tribute_sent a jugador 6 |
| 33:40 | Vormit · tribute_sent a jugador 7 |
| 33:52 | Vormit · tribute_sent a jugador 1 |
| 33:52 | Vormit · tribute_sent a jugador 2 |
| 33:52 | Vormit · tribute_sent a jugador 3 |
| 33:52 | Vormit · tribute_sent a jugador 4 |
| 33:52 | Vormit · tribute_sent a jugador 5 |
| 33:52 | Vormit · tribute_sent a jugador 6 |
| 33:52 | Vormit · tribute_sent a jugador 7 |
| 34:11 | MiBe · first_building Archery Range |
| 34:24 | kivarmicz · first_building Castle |
| 34:35 | 76561198324165462 · first_building Archery Range |
| 34:37 | MiBe · age_up imperial |
| 35:08 | Çıkmaz Sokak · first_market_sell 100 food |
| 36:38 | Vormit · tribute_sent a jugador 1 |
| 36:38 | Vormit · tribute_sent a jugador 2 |
| 36:38 | Vormit · tribute_sent a jugador 3 |
| 36:38 | Vormit · tribute_sent a jugador 4 |
| 36:38 | Vormit · tribute_sent a jugador 5 |
| 36:38 | Vormit · tribute_sent a jugador 6 |
| 36:38 | Vormit · tribute_sent a jugador 7 |
| 37:31 | MiBe · first_market_sell 500 wood |
| 37:45 | MiBe · first_building Siege Workshop |
| 38:12 | Vormit · tribute_sent a jugador 1 |
| 38:12 | Vormit · tribute_sent a jugador 2 |
| 38:12 | Vormit · tribute_sent a jugador 3 |
| 38:12 | Vormit · tribute_sent a jugador 4 |
| 38:12 | Vormit · tribute_sent a jugador 5 |
| 38:12 | Vormit · tribute_sent a jugador 6 |
| 38:12 | Vormit · tribute_sent a jugador 7 |
| 38:15 | Rank · tribute_sent a jugador 1 |
| 38:15 | Rank · tribute_sent a jugador 2 |
| 38:15 | Rank · tribute_sent a jugador 3 |
| 38:15 | Rank · tribute_sent a jugador 5 |
| 38:15 | Rank · tribute_sent a jugador 6 |
| 38:15 | Rank · tribute_sent a jugador 7 |
| 38:15 | Rank · tribute_sent a jugador 8 |
| 38:28 | 风过无声 · first_market_sell 100 stone |
| 40:08 | Çıkmaz Sokak · first_building Castle |
| 41:29 | Vormit · tribute_sent a jugador 1 |
| 41:29 | Vormit · tribute_sent a jugador 2 |
| 41:29 | Vormit · tribute_sent a jugador 3 |
| 41:29 | Vormit · tribute_sent a jugador 4 |
| 41:29 | Vormit · tribute_sent a jugador 5 |
| 41:29 | Vormit · tribute_sent a jugador 6 |
| 41:29 | Vormit · tribute_sent a jugador 7 |
| 44:58 | Vormit · tribute_sent a jugador 1 |
| 44:58 | Vormit · tribute_sent a jugador 2 |
| 44:58 | Vormit · tribute_sent a jugador 3 |
| 44:58 | Vormit · tribute_sent a jugador 4 |
| 44:58 | Vormit · tribute_sent a jugador 5 |
| 44:58 | Vormit · tribute_sent a jugador 6 |
| 44:58 | Vormit · tribute_sent a jugador 7 |
| 44:58 | Rank · tribute_sent a jugador 1 |
| 44:58 | Rank · tribute_sent a jugador 2 |
| 44:58 | Rank · tribute_sent a jugador 3 |
| 44:58 | Rank · tribute_sent a jugador 5 |
| 44:58 | Rank · tribute_sent a jugador 6 |
| 44:58 | Rank · tribute_sent a jugador 7 |
| 44:58 | Rank · tribute_sent a jugador 8 |
| 45:07 | Vormit · tribute_sent a jugador 1 |
| 45:07 | Vormit · tribute_sent a jugador 2 |
| 45:07 | Vormit · tribute_sent a jugador 3 |
| 45:07 | Vormit · tribute_sent a jugador 4 |
| 45:07 | Vormit · tribute_sent a jugador 5 |
| 45:07 | Vormit · tribute_sent a jugador 6 |
| 45:07 | Vormit · tribute_sent a jugador 7 |
| 45:19 | Vormit · tribute_sent a jugador 1 |
| 45:19 | Vormit · tribute_sent a jugador 2 |
| 45:19 | Vormit · tribute_sent a jugador 3 |
| 45:19 | Vormit · tribute_sent a jugador 4 |
| 45:19 | Vormit · tribute_sent a jugador 5 |
| 45:19 | Vormit · tribute_sent a jugador 6 |
| 45:19 | Vormit · tribute_sent a jugador 7 |
| 48:10 | AncientKing · first_building Archery Range |
| 48:14 | Çıkmaz Sokak · first_market_buy 100 wood |
| 48:21 | Rank · tribute_sent a jugador 1 |
| 48:21 | Rank · tribute_sent a jugador 2 |
| 48:21 | Rank · tribute_sent a jugador 3 |
| 48:21 | Rank · tribute_sent a jugador 5 |
| 48:21 | Rank · tribute_sent a jugador 6 |
| 48:21 | Rank · tribute_sent a jugador 7 |
| 48:21 | Rank · tribute_sent a jugador 8 |
| 48:46 | AncientKing · tribute_sent a jugador 1 |
| 48:46 | AncientKing · tribute_sent a jugador 2 |
| 48:46 | AncientKing · tribute_sent a jugador 4 |
| 48:46 | AncientKing · tribute_sent a jugador 5 |
| 48:46 | AncientKing · tribute_sent a jugador 6 |
| 48:46 | AncientKing · tribute_sent a jugador 7 |
| 48:46 | AncientKing · tribute_sent a jugador 8 |
| 52:03 | AncientKing · first_market_sell 100 food |
| 52:14 | Vormit · first_building Stable |
| 52:22 | Rank · tribute_sent a jugador 1 |
| 52:22 | Rank · tribute_sent a jugador 2 |
| 52:22 | Rank · tribute_sent a jugador 3 |
| 52:22 | Rank · tribute_sent a jugador 5 |
| 52:22 | Rank · tribute_sent a jugador 6 |
| 52:22 | Rank · tribute_sent a jugador 7 |
| 52:22 | Rank · tribute_sent a jugador 8 |
| 52:38 | 76561198324165462 · first_building Siege Workshop |
| 54:16 | kivarmicz · wall_segment Stone Wall x7 |
| 54:25 | Rank · tribute_sent a jugador 1 |
| 54:25 | Rank · tribute_sent a jugador 2 |
| 54:25 | Rank · tribute_sent a jugador 3 |
| 54:25 | Rank · tribute_sent a jugador 5 |
| 54:25 | Rank · tribute_sent a jugador 6 |
| 54:25 | Rank · tribute_sent a jugador 7 |
| 54:25 | Rank · tribute_sent a jugador 8 |
| 54:54 | kivarmicz · wall_segment Stone Wall x7 |
| 55:09 | AncientKing · tribute_sent a jugador 1 |
| 55:09 | AncientKing · tribute_sent a jugador 2 |
| 55:09 | AncientKing · tribute_sent a jugador 4 |
| 55:09 | AncientKing · tribute_sent a jugador 5 |
| 55:09 | AncientKing · tribute_sent a jugador 6 |
| 55:09 | AncientKing · tribute_sent a jugador 7 |
| 55:09 | AncientKing · tribute_sent a jugador 8 |
| 56:41 | Rank · tribute_sent a jugador 1 |
| 56:41 | Rank · tribute_sent a jugador 2 |
| 56:41 | Rank · tribute_sent a jugador 3 |
| 56:41 | Rank · tribute_sent a jugador 5 |
| 56:41 | Rank · tribute_sent a jugador 6 |
| 56:41 | Rank · tribute_sent a jugador 7 |
| 56:41 | Rank · tribute_sent a jugador 8 |
| 56:42 | kivarmicz · wall_segment Stone Wall x1 |
| 58:16 | kivarmicz · wall_segment Stone Wall x1 |
| 58:18 | kivarmicz · wall_segment Stone Wall x1 |
| 58:31 | kivarmicz · wall_segment Stone Wall x1 |
| 58:35 | kivarmicz · wall_segment Stone Wall x1 |
| 58:52 | Rank · tribute_sent a jugador 1 |
| 58:52 | Rank · tribute_sent a jugador 2 |
| 58:52 | Rank · tribute_sent a jugador 3 |
| 58:52 | Rank · tribute_sent a jugador 5 |
| 58:52 | Rank · tribute_sent a jugador 6 |
| 58:52 | Rank · tribute_sent a jugador 7 |
| 58:52 | Rank · tribute_sent a jugador 8 |
| 59:12 | Vormit · tribute_sent a jugador 1 |
| 59:12 | Vormit · tribute_sent a jugador 2 |
| 59:12 | Vormit · tribute_sent a jugador 3 |
| 59:12 | Vormit · tribute_sent a jugador 4 |
| 59:12 | Vormit · tribute_sent a jugador 5 |
| 59:12 | Vormit · tribute_sent a jugador 6 |
| 59:12 | Vormit · tribute_sent a jugador 7 |
| 61:12 | Rank · tribute_sent a jugador 1 |
| 61:12 | Rank · tribute_sent a jugador 2 |
| 61:12 | Rank · tribute_sent a jugador 3 |
| 61:12 | Rank · tribute_sent a jugador 5 |
| 61:12 | Rank · tribute_sent a jugador 6 |
| 61:12 | Rank · tribute_sent a jugador 7 |
| 61:12 | Rank · tribute_sent a jugador 8 |
| 61:30 | AncientKing · tribute_sent a jugador 1 |
| 61:30 | AncientKing · tribute_sent a jugador 2 |
| 61:30 | AncientKing · tribute_sent a jugador 4 |
| 61:30 | AncientKing · tribute_sent a jugador 5 |
| 61:30 | AncientKing · tribute_sent a jugador 6 |
| 61:30 | AncientKing · tribute_sent a jugador 7 |
| 61:30 | AncientKing · tribute_sent a jugador 8 |
| 61:32 | Çıkmaz Sokak · tribute_sent a jugador 1 |
| 61:32 | Çıkmaz Sokak · tribute_sent a jugador 2 |
| 61:32 | Çıkmaz Sokak · tribute_sent a jugador 3 |
| 61:32 | Çıkmaz Sokak · tribute_sent a jugador 4 |
| 61:32 | Çıkmaz Sokak · tribute_sent a jugador 6 |
| 61:32 | Çıkmaz Sokak · tribute_sent a jugador 7 |
| 61:32 | Çıkmaz Sokak · tribute_sent a jugador 8 |
| 62:16 | Vormit · tribute_sent a jugador 1 |
| 62:16 | Vormit · tribute_sent a jugador 2 |
| 62:16 | Vormit · tribute_sent a jugador 3 |
| 62:16 | Vormit · tribute_sent a jugador 4 |
| 62:16 | Vormit · tribute_sent a jugador 5 |
| 62:16 | Vormit · tribute_sent a jugador 6 |
| 62:16 | Vormit · tribute_sent a jugador 7 |
| 62:45 | Rank · tribute_sent a jugador 1 |
| 62:45 | Rank · tribute_sent a jugador 2 |
| 62:45 | Rank · tribute_sent a jugador 3 |
| 62:45 | Rank · tribute_sent a jugador 5 |
| 62:45 | Rank · tribute_sent a jugador 6 |
| 62:45 | Rank · tribute_sent a jugador 7 |
| 62:45 | Rank · tribute_sent a jugador 8 |
| 63:03 | kivarmicz · wall_segment Stone Wall x1 |
| 63:05 | kivarmicz · wall_segment Stone Wall x2 |
| 63:08 | kivarmicz · wall_segment Stone Wall x1 |
| 63:38 | 76561198324165462 · wall_segment Stone Wall x3 |
| 63:44 | AncientKing · tribute_sent a jugador 1 |
| 63:44 | AncientKing · tribute_sent a jugador 2 |
| 63:44 | AncientKing · tribute_sent a jugador 4 |
| 63:44 | AncientKing · tribute_sent a jugador 5 |
| 63:44 | AncientKing · tribute_sent a jugador 6 |
| 63:44 | AncientKing · tribute_sent a jugador 7 |
| 63:44 | AncientKing · tribute_sent a jugador 8 |
| 63:45 | kivarmicz · tribute_sent a jugador 1 |
| 63:45 | kivarmicz · tribute_sent a jugador 2 |
| 63:45 | kivarmicz · tribute_sent a jugador 3 |
| 63:45 | kivarmicz · tribute_sent a jugador 4 |
| 63:45 | kivarmicz · tribute_sent a jugador 5 |
| 63:45 | kivarmicz · tribute_sent a jugador 7 |
| 63:45 | kivarmicz · tribute_sent a jugador 8 |
| 64:23 | Vormit · wall_segment Stone Wall x3 |
| 66:17 | 76561198324165462 · wall_segment Stone Wall x8 |
| 66:23 | MiBe · tribute_sent a jugador 1 |
| 66:23 | MiBe · tribute_sent a jugador 3 |
| 66:23 | MiBe · tribute_sent a jugador 4 |
| 66:23 | MiBe · tribute_sent a jugador 5 |
| 66:23 | MiBe · tribute_sent a jugador 6 |
| 66:23 | MiBe · tribute_sent a jugador 7 |
| 66:23 | MiBe · tribute_sent a jugador 8 |
| 66:35 | Rank · resign |
| 66:37 | Vormit · wall_segment Stone Wall x7 |
[ AI ANALYSIS · 1 CREDIT ]
What really happened in this match?
Wolo.gg analyzes every decision: build order, eco, micro, common mistakes by bracket. Personalized analysis on WhatsApp or Discord in 30 seconds.
Civ guide
Burmese
Perfil
Jugador #10253518